General information
- name: BNet
- type: Ladder team game (AT/RT)
- host: Battle.net
- saver: sObieski
map: FullScaleAssault
- players: 8
- length: 18:03
- speed: Fast
- version: 1.28 W3XP
- replay type: Public
» download(199 KB)
Players
team 1 (winner)
T0RN (
pink | 68 APM | 1228 actions | 18:02)
5 Blademaster
3 Wind Walk
2 Critical Strike
4 Shadow Hunter
2 Hex
2 Healing Wave
» actions
| Assign group hotkey | 20 | |
| Basic commands | 64 | |
| Build / train | 59 | |
| Enter build submenu | 13 | |
| Enter hero's abilities submenu | 9 | |
| Remove unit from queue | 2 | |
| Right click | 691 | |
| Select / deselect | 227 | |
| Select group hotkey | 64 | |
| Use ability | 79 | |
1228 total
» units
» upgrades
| Pillage | 1 | |
| Melee Weapons | 3 | |
| Ensnare | 1 | |
| Armor | 3 | |
8 total
» buildings
| Altar of Storms | 1 | |
| Orc Burrow | 8 | |
| Voodoo Lounge | 1 | |
| Stronghold | 1 | |
| War Mill | 1 | |
| Beastiary | 2 | |
| Fortress | 1 | |
15 total
» build order
00:21 Altar of Storms
00:35 Orc Burrow
00:51 Voodoo Lounge
02:14 Stronghold
02:31 War Mill
02:35 Orc Burrow
04:07 Orc Burrow
04:39 Beastiary
04:42 Beastiary
06:47 Orc Burrow
10:09 Fortress
11:52 Orc Burrow
11:54 Orc Burrow
16:34 Orc Burrow
16:37 Orc Burrow
» items
| Healing Salve | 1 | |
| Lesser Clarity Potion | 2 | |
| Scroll of Speed | 1 | |
| Scroll of Regeneration | 1 | |
5 total
sObieski (
orange | 130 APM | 2352 actions | 18:03)
5 Archmage
3 Summon Water Elemental
2 Brilliance Aura
3 Mountain King
2 Storm Bolt
1 Bash
» actions
| Assign group hotkey | 116 | |
| Basic commands | 95 | |
| Build / train | 123 | |
| ESC pressed | 3 | |
| Enter build submenu | 35 | |
| Enter hero's abilities submenu | 8 | |
| Remove unit from queue | 1 | |
| Right click | 802 | |
| Select / deselect | 368 | |
| Select group hotkey | 618 | |
| Use ability | 183 | |
2352 total
» units
| Peasant | 22 | |
| Footman | 4 | |
| Rifleman | 13 | |
| Goblin Zeppelin | 6 | |
| Goblin Shredder | 2 | |
47 total
» upgrades
| Gunpowder | 3 | |
| Masonry | 3 | |
| Armor | 3 | |
| Long Rifles | 1 | |
10 total
» buildings
| Farm | 7 | |
| Barracks | 1 | |
| Altar of Kings | 1 | |
| Arcane Vault | 1 | |
| Lumber Mill | 1 | |
| Blacksmith | 1 | |
| Town Hall | 2 | |
| Scout Tower | 16 | |
| Arcane Tower | 10 | |
| Keep | 3 | |
| Guard Tower | 20 | |
| Castle | 2 | |
| Workshop | 3 | |
68 total
» build order
01:15 Farm
01:17 Farm
01:25 Barracks
01:27 Altar of Kings
01:32 Farm
01:38 Farm
02:09 Arcane Vault
02:24 Lumber Mill
02:45 Blacksmith
04:09 Farm
04:23 Farm
05:03 Town Hall
05:16 Scout Tower
05:33 Scout Tower
05:35 Scout Tower
05:52 Arcane Tower
05:52 Arcane Tower
06:05 Arcane Tower
06:05 Arcane Tower
08:19 Keep
08:19 Keep
08:31 Scout Tower
08:33 Scout Tower
08:36 Scout Tower
08:57 Arcane Tower
08:57 Arcane Tower
08:57 Arcane Tower
09:01 Guard Tower
09:02 Guard Tower
09:02 Guard Tower
09:05 Arcane Tower
09:05 Arcane Tower
09:05 Arcane Tower
09:12 Guard Tower
09:12 Guard Tower
09:44 Farm
11:45 Castle
11:45 Castle
11:48 Scout Tower
11:50 Scout Tower
11:53 Scout Tower
12:16 Guard Tower
12:17 Guard Tower
12:18 Guard Tower
12:21 Scout Tower
12:31 Guard Tower
12:31 Guard Tower
13:33 Guard Tower
14:23 Town Hall
14:25 Scout Tower
14:25 Scout Tower
14:26 Scout Tower
14:28 Scout Tower
14:28 Scout Tower
14:30 Scout Tower
15:01 Guard Tower
15:01 Guard Tower
15:02 Guard Tower
15:22 Guard Tower
15:22 Guard Tower
16:40 Guard Tower
16:41 Guard Tower
16:43 Workshop
16:47 Workshop
17:37 Workshop
» items
| Scroll of Regeneration | 3 | |
| Mechanical Critter | 2 | |
| Potion of Lesser Invulnerability | 2 | |
| Boots of Speed | 1 | |
| Scroll of Protection | 1 | |
9 total
RagingFury (
green | 37 APM | 664 actions | 18:02)
4 Blademaster
2 Wind Walk
2 Critical Strike
» actions
| Build / train | 42 | |
| Enter build submenu | 13 | |
| Enter hero's abilities submenu | 4 | |
| Right click | 415 | |
| Select / deselect | 140 | |
| Use ability | 50 | |
664 total
» units
» upgrades
| Reinforced Defenses | 1 | |
| Ranged Weapons | 1 | |
| Envenomed Spears | 1 | |
3 total
» buildings
| Orc Burrow | 5 | |
| Altar of Storms | 1 | |
| Voodoo Lounge | 1 | |
| Stronghold | 2 | |
| War Mill | 1 | |
| Fortress | 1 | |
| Beastiary | 3 | |
| Great Hall | 1 | |
| Watch Tower | 10 | |
25 total
» build order
00:06 Orc Burrow
00:08 Altar of Storms
01:16 Voodoo Lounge
02:33 Stronghold
02:33 Stronghold
02:38 Orc Burrow
03:02 War Mill
05:05 Fortress
05:09 Beastiary
05:10 Beastiary
05:11 Beastiary
06:48 Orc Burrow
06:57 Orc Burrow
08:19 Orc Burrow
11:58 Great Hall
14:49 Watch Tower
14:51 Watch Tower
14:53 Watch Tower
14:54 Watch Tower
14:56 Watch Tower
14:58 Watch Tower
14:59 Watch Tower
15:01 Watch Tower
15:04 Watch Tower
16:41 Watch Tower
» items
| Healing Salve | 2 | |
| Lesser Clarity Potion | 5 | |
| Scroll of Town Portal | 2 | |
9 total

»
guzzleJumper (
purple | 68 APM | 1225 actions | 18:02)
7 Goblin Tinker
3 Pocket Factory
3 Engineering Upgrade
1 Robo-Goblin
» actions
| Assign group hotkey | 27 | |
| Basic commands | 26 | |
| Build / train | 55 | |
| Enter build submenu | 14 | |
| Enter hero's abilities submenu | 7 | |
| Give item / drop item | 3 | |
| Remove unit from queue | 1 | |
| Right click | 468 | |
| Select / deselect | 186 | |
| Select group hotkey | 398 | |
| Use ability | 40 | |
1225 total
» units
| Wisp | 9 | |
| Archer | 15 | |
| Goblin Shredder | 1 | |
| Hippogryph | 5 | |
| Druid of the Talon | 1 | |
31 total
» upgrades
| Druid of the Talon Training | 2 | |
| Hippogryph Taming | 1 | |
| Improved Bows | 1 | |
| Marksmanship | 1 | |
| Ultravision | 1 | |
| Corrosive Breath | 1 | |
| Strength of the Wild | 0 | |
| Strength of the Moon | 2 | |
9 total
» buildings
| Ancient of War | 1 | |
| Moon Well | 4 | |
| Altar of Elders | 1 | |
| Ancient of Wonders | 1 | |
| Tree of Ages | 1 | |
| Hunter's Hall | 1 | |
| Ancient of Wind | 2 | |
| Ancient Protector | 1 | |
| Tree of Eternity | 1 | |
| Chimaera Roost | 1 | |
| Tree of Life | 2 | |
16 total
» build order
00:15 Ancient of War
00:20 Moon Well
01:02 Altar of Elders
01:33 Moon Well
01:57 Ancient of Wonders
02:55 Moon Well
03:25 Tree of Ages
04:11 Hunter's Hall
04:29 Moon Well
05:51 Ancient of Wind
05:53 Ancient of Wind
06:33 Ancient Protector
07:22 Tree of Eternity
10:30 Chimaera Roost
17:43 Tree of Life
17:46 Tree of Life
» items
| Potion of Healing | 1 | |
| Scroll of Town Portal | 1 | |
| Orb of Venom | 1 | |
3 total
team 2 (loser)
wAtErdUd17 (
yellow | 53 APM | 840 actions | 15:48)
3 Blademaster
2 Wind Walk
1 Critical Strike
1 Shadow Hunter
1 Hex
» actions
| Assign group hotkey | 20 | |
| Basic commands | 45 | |
| Build / train | 51 | |
| ESC pressed | 2 | |
| Enter build submenu | 14 | |
| Enter hero's abilities submenu | 4 | |
| Give item / drop item | 2 | |
| Remove unit from queue | 3 | |
| Right click | 215 | |
| Select / deselect | 228 | |
| Select group hotkey | 193 | |
| Use ability | 63 | |
840 total
» units
| Peon | 8 | |
| Grunt | 5 | |
| Raider | 5 | |
| Spirit Walker | 3 | |
| Troll Batrider | 9 | |
30 total
» upgrades
| Melee Weapons | 2 | |
| Berserker Strength | 1 | |
| Armor | 1 | |
| Spirit Walker Training | 1 | |
| Ensnare | 1 | |
6 total
» buildings
| Altar of Storms | 1 | |
| Orc Burrow | 5 | |
| Barracks | 1 | |
| Voodoo Lounge | 1 | |
| Stronghold | 1 | |
| War Mill | 1 | |
| Beastiary | 2 | |
| Spirit Lodge | 1 | |
| Fortress | 1 | |
| Watch Tower | 2 | |
16 total
» build order
00:05 Altar of Storms
00:16 Orc Burrow
00:27 Barracks
01:28 Orc Burrow
02:05 Voodoo Lounge
03:44 Stronghold
03:59 Orc Burrow
04:25 Orc Burrow
05:06 War Mill
06:14 Beastiary
06:18 Spirit Lodge
07:51 Beastiary
08:45 Orc Burrow
11:38 Fortress
13:00 Watch Tower
13:06 Watch Tower
» items
| Healing Salve | 1 | |
| Potion of Mana | 1 | |
| Lesser Clarity Potion | 1 | |
3 total
Kbilly (
blue | 64 APM | 1161 actions | 18:02)
3 Blademaster
2 Wind Walk
1 Critical Strike
2 Shadow Hunter
1 Hex
1 Healing Wave
» actions
| Assign group hotkey | 48 | |
| Basic commands | 40 | |
| Build / train | 57 | |
| ESC pressed | 1 | |
| Enter build submenu | 13 | |
| Enter hero's abilities submenu | 5 | |
| Give item / drop item | 2 | |
| Right click | 422 | |
| Select / deselect | 199 | |
| Select group hotkey | 263 | |
| Use ability | 111 | |
1161 total
» units
| Peon | 8 | |
| Grunt | 4 | |
| Spirit Walker | 5 | |
| Raider | 10 | |
27 total
» upgrades
| Spirit Walker Training | 1 | |
| Ensnare | 1 | |
| Berserker Strength | 1 | |
| Armor | 2 | |
| Melee Weapons | 1 | |
| Pillage | 1 | |
7 total
» buildings
| Altar of Storms | 1 | |
| Orc Burrow | 4 | |
| Barracks | 1 | |
| Voodoo Lounge | 1 | |
| Stronghold | 1 | |
| Spirit Lodge | 1 | |
| Beastiary | 1 | |
| War Mill | 1 | |
| Watch Tower | 2 | |
| Fortress | 1 | |
14 total
» build order
00:09 Altar of Storms
00:22 Orc Burrow
00:38 Barracks
01:43 Voodoo Lounge
02:33 Stronghold
02:55 Orc Burrow
05:05 Spirit Lodge
05:07 Beastiary
05:10 Orc Burrow
05:29 War Mill
06:12 Orc Burrow
12:41 Watch Tower
12:42 Watch Tower
14:55 Fortress
» items
| Healing Salve | 4 | |
| Scroll of Speed | 2 | |
| Circlet of Nobility | 1 | |
| Dust of Appearance | 1 | |
| Potion of Mana | 3 | |
| Scroll of Town Portal | 1 | |
| Potion of Healing | 1 | |
| Lesser Clarity Potion | 1 | |
14 total
YG. (
red | 139 APM | 2195 actions | 15:45)
4 Paladin
2 Holy Light
2 Devotion Aura
2 Mountain King
1 Storm Bolt
1 Bash
» actions
| Assign group hotkey | 22 | |
| Basic commands | 75 | |
| Build / train | 40 | |
| Enter build submenu | 18 | |
| Enter hero's abilities submenu | 6 | |
| Give item / drop item | 2 | |
| Right click | 754 | |
| Select / deselect | 579 | |
| Select group hotkey | 658 | |
| Use ability | 41 | |
2195 total
» units
| Peasant | 9 | |
| Footman | 3 | |
| Priest | 8 | |
| Rifleman | 1 | |
| Knight | 4 | |
25 total
» upgrades
| Priest Training | 1 | |
| Animal War Training | 1 | |
2 total
» buildings
| Barracks | 2 | |
| Farm | 8 | |
| Altar of Kings | 1 | |
| Lumber Mill | 1 | |
| Arcane Vault | 2 | |
| Keep | 1 | |
| Blacksmith | 1 | |
| Scout Tower | 1 | |
| Guard Tower | 1 | |
| Arcane Sanctum | 2 | |
| Castle | 1 | |
21 total
» build order
00:14 Barracks
00:18 Farm
00:49 Altar of Kings
01:02 Farm
01:30 Lumber Mill
01:44 Arcane Vault
01:51 Arcane Vault
02:22 Farm
03:13 Farm
03:15 Keep
03:37 Farm
03:51 Blacksmith
04:01 Scout Tower
04:18 Farm
04:31 Guard Tower
04:57 Farm
05:39 Arcane Sanctum
05:44 Arcane Sanctum
05:48 Barracks
06:02 Castle
09:12 Farm
» items
| Scroll of Regeneration | 1 | |
| Scroll of Town Portal | 1 | |
2 total
JavascriptJedi (
teal | 69 APM | 805 actions | 11:43)
2 Beastmaster
1 Summon Bear
1 Summon Quilbeast
» actions
| Assign group hotkey | 13 | |
| Basic commands | 59 | |
| Build / train | 32 | |
| ESC pressed | 1 | |
| Enter build submenu | 16 | |
| Enter hero's abilities submenu | 2 | |
| Right click | 429 | |
| Select / deselect | 168 | |
| Select group hotkey | 55 | |
| Use ability | 30 | |
805 total
» units
» buildings
| Ancient of War | 1 | |
| Moon Well | 7 | |
| Altar of Elders | 1 | |
| Ancient of Wonders | 1 | |
| Hunter's Hall | 1 | |
| Tree of Life | 2 | |
| Ancient Protector | 2 | |
| Tree of Ages | 1 | |
16 total
» build order
00:15 Ancient of War
00:17 Moon Well
01:10 Altar of Elders
01:29 Moon Well
02:41 Moon Well
03:24 Ancient of Wonders
03:33 Moon Well
04:44 Hunter's Hall
05:09 Tree of Life
05:12 Moon Well
05:30 Moon Well
06:14 Moon Well
06:24 Ancient Protector
07:38 Ancient Protector
08:14 Tree of Ages
11:03 Tree of Life
» items
Chat log
(00:21 / All) sObieski: kbilly name every president of the usa and you might get this win!
(00:34 / All) Kbilly: George Washington.
(00:42 / All) sObieski: every one in a row
(00:46 / All) sObieski: and we might let you win this time
(00:47 / All) Kbilly: John Adams.
(00:50 / Allies) sObieski: plan?
(00:55 / All) Kbilly: Thomas Jefferson.
(01:01 / All) Kbilly: John Quincy Adams.
(01:03 / All) sObieski: you'll also have to run your hero in circles and do 50 laps for us
(01:35 / Allies) RagingFury: tech- harrass expos
(01:43 / Allies) T0RN: doing same
(01:45 / Allies) sObieski: sounds like a plan
(01:46 / Allies) T0RN: what units green?
(01:49 / Allies) sObieski: I'll harass too
(01:50 / Allies) sObieski: and expo
(02:03 / Allies) T0RN: green what units u teching to?
(02:05 / Allies) T0RN: k
(02:20 / Allies) RagingFury: will you get casters or should i?
(02:29 / Allies) sObieski: I got human casters
(03:16 / All) RagingFury: hi
(03:20 / All) Kbilly: sup green?
(03:38 / All) RagingFury: stop healing
(04:10 / All) RagingFury: just checking
(04:57 / Allies) sObieski: bm
(04:58 / Allies) sObieski: nearby
(07:09 / Allies) sObieski: help
(07:11 / Allies) RagingFury: coming
(07:13 / Allies) RagingFury: with heor
(08:00 / Allies) RagingFury: nice oj
(08:03 / Allies) sObieski: ty
(09:30 / Allies) sObieski: all come
(09:31 / Allies) sObieski: to bot
(09:32 / Allies) sObieski: they hitting
(09:42 / Allies) RagingFury: oj wtf
(09:43 / Allies) RagingFury: wtf
(09:45 / Allies) RagingFury: oj
(09:47 / Allies) sObieski: what
(09:48 / Allies) sObieski: I went b
(09:53 / Allies) sObieski: because we couldnt take that
(09:53 / Allies) RagingFury: why
(09:54 / Allies) sObieski: by ourselves
(09:55 / Allies) sObieski: I think
(09:58 / Allies) sObieski: and was playing safe
(10:00 / Allies) RagingFury: two of us
(10:44 / All) JavascriptJedi: where were u guys??
(11:08 / All) sObieski: nice try
(11:10 / All) sObieski: kbilly
(11:11 / All) Kbilly: close
(11:15 / All) JavascriptJedi: too little too late kbilly
(11:17 / All) sObieski: but not close enough
(11:23 / All) Kbilly: next time
(11:28 / Allies) sObieski: gj
(11:29 / Allies) sObieski: guys
(11:34 / All) JavascriptJedi: should have saved ur teammate
(11:37 / All) JavascriptJedi: instead of doing this crap
(11:39 / All) JavascriptJedi: im out
(11:40 / All) JavascriptJedi: peace
(11:48 / All) sObieski: gg
(11:49 / Allies) RagingFury: get epxos
(11:55 / All) Kbilly: don't give up oj
(11:58 / All) Kbilly: you still have a chance.
(12:01 / All) sObieski: you don't
(12:02 / All) sObieski: it's over
(12:05 / All) sObieski: you can get out
(12:29 / Allies) sObieski: ty
(12:56 / Allies) sObieski: red rifle caster probably
(13:04 / Allies) sObieski: yellow bestiary shit
(13:09 / Allies) sObieski: blue orc radier caster
(15:47 / All) sObieski: lol
(15:47 / All) sObieski: out
(15:50 / All) sObieski: kbilly
(16:19 / All) sObieski: time for you to leave!